 Dungeon Crawl Stone Soup version 0.30-a0-715-gdb4ae3ece1 (webtiles) character file.

Game seed: 7140298017286860794

511 Kuronicle the Ruffian (level 6, -2/50 HPs)
             Began as a Demigod Wanderer on Jan 23, 2023.
             Slain by Pikel
             ... wielding a +0 whip of electrocution
              (3 damage)
             ... on level 4 of the Dungeon.
             The game lasted 00:11:28 (3370 turns).

Kuronicle the Ruffian (Demigod Wanderer)            Turns: 3370, Time: 00:11:29

Health: -2/50      AC:  8    Str: 25    XL:     6   Next: 66%
Magic:  8/8        EV: 12    Int: 11    God:
Gold:   79         SH:  0    Dex: 18    Spells: 5/5 levels left

rFire   + + .      SeeInvis .      - Unarmed
rCold   + . .      Faith    .    (no shield)
rNeg    . . .      Spirit   .    k - +0 ring mail {rF+}
rPois   +          Reflect  .    g - +0 helmet
rElec   +          Harm     .    (no cloak)
rCorr   +          Rampage  .    h - +1 pair of gloves
Will    .....                    (no boots)
Stlth   +                        (no amulet)
HPRegen 0.28/turn                e - +6 ring of strength
MPRegen 0.11/turn                l - ring of flight

@: about to teleport, resistant, flying
A: high MP 1, forlorn, divine attributes
a: no special abilities


You were on level 4 of the Dungeon.
You visited 2 branches of the dungeon, and saw 5 of its levels.

You collected 191 gold pieces.
You spent 112 gold pieces at shops.

Inventory:

Missiles
 f - 2 poisoned darts (quivered)
Armour
 g - a +0 helmet (worn)
 h - a +1 pair of gloves (worn)
 k - a +0 ring mail of fire resistance (worn)
Jewellery
 e - a +6 ring of strength (left hand)
 l - a ring of flight (right hand)
Wands
 i - a wand of acid (7)
Scrolls
 a - 3 scrolls of identify
 d - a scroll of teleportation
Potions
 c - a potion of haste


   Skills:
 * Level 2.4 Fighting
 - Level 3.6 Maces & Flails
 - Level 2.6 Throwing
 + Level 2.9 Armour
 * Level 2.3 Dodging
 + Level 1.1 Stealth
 + Level 4.4 Unarmed Combat
 + Level 1.0 Evocations


You had 5 spell levels left.
You didn't know any spells.
Your spell library contained the following spells:

 Spells                   Type           Power      Damage    Failure   Level
 Gell's Gravitas          Tloc           0%         N/A       85%         3
 Ignite Poison            Fire/Tmut/Pois 0%         N/A       85%         3
 Kindle Blastsparks       Fire/Tloc/Air  0%         2d10      85%         3
 Stone Arrow              Conj/Erth      0%         3d7       85%         3
 Teleport Other           Tloc           0%         N/A       85%         3
 Animate Armour           Summ/Erth      0%         N/A       99%         4
 Sticky Flame             Conj/Fire      0%         2d3       99%         4
 Freezing Cloud           Conj/Ice/Air   0%         6-21      100%        5
 Dispersal                Tloc           0%         N/A       100%        6
 Ignition                 Fire           0%         3d3       100%        8
 Lehudib's Crystal Spear  Conj/Erth      0%         10d2      100%        8


Dungeon Overview and Level Annotations

Branches:
Dungeon (4/15)             Temple (1/1) D:4

Shops:
D:3 =?[

Annotations:
D:4 Pikel


Innate Abilities, Weirdness & Mutations

You have an increased reservoir of magic. (+10% MP)
You shall have no god before yourself.
Your divine heritage dramatically boosts your attributes as you level up.


Message History

The howler monkey hoots and howls with incredible vigour!
The howler monkey hits you but does no damage.
You hear a shout!
You punch the howler monkey! You punch the howler monkey.
You kill the howler monkey!
Pikel zaps a wand.
The mass of ice explodes!
The iceblast engulfs you! Pikel closely misses you.
You hit Pikel but do no damage. Pikel misses you.
You closely miss Pikel.
Pikel hits you with a +0 whip of electrocution.
You are electrocuted!
You hit Pikel. You punch Pikel!
Pikel is moderately wounded.
Pikel waves his whip at you. Pikel barely misses you.
You hit Pikel.
Pikel is moderately wounded.
Pikel hits you but does no damage.
You punch Pikel!
Pikel is moderately wounded.
Pikel hits you with a +0 whip of electrocution.
You hit Pikel.
Pikel is heavily wounded.
Pikel hits you with a +0 whip of electrocution.
You hit Pikel but do no damage.
Pikel is heavily wounded.
Pikel hits you with a +0 whip of electrocution.
You are electrocuted!
* * * LOW HITPOINT WARNING * * *
There are monsters nearby!
You feel protected. Pikel closely misses you.
You barely miss Pikel.
Pikel is heavily wounded.
Pikel hits you with a +0 whip of electrocution!
* * * LOW HITPOINT WARNING * * *
As you read the scroll of teleportation, it crumbles to dust.
You feel strangely unstable.
Pikel hits you with a +0 whip of electrocution.
You die...

#..)..####.
########.....####.
#...............#.
#.#.#############.#.
#.#.# #.## #.#.# #.#
#.#.# #.# #.####.#.#
#.## 5.5..#@# #...
#..#K# #### #K..5#
.......###########
#########........>#
#.......#.#######.#
#.#####.#.#<......#
#.# #...#.#####.# #.#
#####################


You could see Pikel and a lemure.

Vanquished Creatures
  A black bear (D:4)
  A lemure (D:4)
  A necrophage (D:4)
  A scorpion (D:4)
  A howler monkey (D:4)
  A hound (D:3)
  An orc priest (D:3)
  2 orc wizards (D:4)
  8 adders
  A worm (D:3)
  A dart slug (D:3)
  9 orcs
  6 bats
  3 endoplasms
  7 giant cockroaches
  4 goblins
  5 hobgoblins
  3 quokkas
  4 ball pythons
  2 frilled lizards
  7 kobolds
  7 rats
76 creatures vanquished.

Notes
Turn   | Place    | Note
-------+----------+-------------------------------------------
     0 | D:1      | Kuronicle the Demigod Wanderer began the quest for the Orb.
     0 | D:1      | Kuronicle set off with the following items: a +2 dagger, 2
                  | curare-tipped darts, a +0 mace, a scroll of teleportation,
                  | a potion of curing, a +0 robe.
     0 | D:1      | Reached XP level 1. HP: 16/16 MP: 3/3
   441 | D:1      | Reached XP level 2. HP: 18/23 MP: 4/4
   737 | D:2      | Reached skill level 1 in Unarmed Combat
  1111 | D:2      | Reached XP level 3. HP: 18/28 MP: 5/5
  1123 | D:2      | Reached skill level 1 in Dodging
  1123 | D:2      | Reached skill level 1 in Stealth
  1425 | D:3      | Found Sydav's Armour Shoppe.
  1521 | D:3      | Reached skill level 2 in Unarmed Combat
  1581 | D:3      | Reached XP level 4. HP: 35/35 MP: 6/6
  1622 | D:3      | Found a glowing drain.
  2050 | D:3      | Found Dapnut's Jewellery Emporium.
  2059 | D:3      | Found Atumasye's Magic Scroll Boutique.
  2120 | D:3      | Bought a scroll of identify for 28 gold pieces
  2120 | D:3      | Bought a scroll of identify for 28 gold pieces
  2120 | D:3      | Bought a scroll of identify for 28 gold pieces
  2120 | D:3      | Bought a scroll of identify for 28 gold pieces
  2232 | D:3      | Reached skill level 3 in Unarmed Combat
  2232 | D:3      | Reached XP level 5. HP: 39/41 MP: 7/7
  2841 | D:4      | Reached skill level 4 in Unarmed Combat
  2841 | D:4      | Reached XP level 6. HP: 29/48 MP: 8/8
  2929 | D:4      | Found a staircase to the Ecumenical Temple.
  2938 | Temple   | Entered the Ecumenical Temple
  3315 | D:4      | Noticed Pikel
  3369 | D:4      | HP: 1/50 [Pikel/+0 whip of electrocution (9)]
  3370 | D:4      | Slain by Pikel

Illustrated notes

Levels and vault maps discovered:
D:1:      matt_arrival_los_fun, layout_basic, minmay_worlds_worst_comb
D:2:      layout_rooms, shapermc_ecumenical_altar_notcrosses
D:3:      layout_rooms, serial_shops, shop, shop_scrolls, shop,
          portal_sewer_entry_a, minmay_quantized
D:4:      layout_basic, minmay_temple_entry_wispy, serial_shops, shop_coins,
          uniq_pikel
Temple:   hellmonk_temple_rainy

Skill      XL: |  1  2  3  4  5 |
---------------+----------------+-----
Unarmed Combat | 1 2 3 4 |  4.4
Dodging        | 1 2 |  2.3
Stealth        | 1 |  1.1
Armour         | 2 |  2.9
Fighting       | 2 |  2.4
Maces & Flails | |  3.6
Throwing       | |  2.6
Evocations     | |  1.0

Action                     |  1- 3 |  4- 6 || total
---------------------------+-------+-------++-------
  Melee: Unarmed           |   242 |   241 ||   483
         Punch             |     2 |    10 ||    12
    Use: Scroll            |     2 |     6 ||     8
         Potion            |     2 |     2 ||     4
   Stab: Sleeping          |     1 |       ||     1
 Armour: Robe              |    22 |       ||    22
         Chain mail        |   139 |    30 ||   169
         Ring mail         |       |    73 ||    73
  Dodge: Dodged            |   110 |   115 ||   225

Table legend: (Time is in decaauts)
 A = Elapsed time spent in this place.
 B = Non-inter-level travel time spent in this place.
 C = Inter-level travel time spent in this place.
 D = Time resting spent in this place.
 E = Time spent auto-exploring this place.
 F = Levels seen in this place.
 G = Mean time per level.
                   A        B        C        D        E       F      G
               +--------+--------+--------+--------+--------+-----+--------+
         Total |   3348 |   3329 |     19 |    286 |   1762 |   5 |  669.6 |
       Dungeon |   3324 |   3305 |     19 |    286 |   1762 |   4 |  831.0 |
        Temple |     23 |     23 |      0 |      0 |      0 |   1 |   23.0 |
               +--------+--------+--------+--------+--------+-----+--------+

Top non-repeatable levels by time:
     D:4: 966 daAuts
     D:3: 964 daAuts
     D:1: 732 daAuts
     D:2: 661 daAuts
  Temple: 23 daAuts
